 Dungeon Crawl Stone Soup version 0.26-a0-738-g91b530ce93 (webtiles) character file.

Game seed: 9875133812898719335

7283 Froggeryz the Grappler (level 11, -1/92 HPs)
             Began as a Naga Wanderer on Nov 5, 2020.
             Was an Elder of Cheibriados.
             Slain by a death yak (17 damage)
             ... on level 10 of the Dungeon.
             The game lasted 00:19:54 (14654 turns).

Froggeryz the Grappler (Naga Wanderer)             Turns: 14654, Time: 00:19:54

Health: -1/92      AC: 16    Str: 33    XL:     11   Next: 12%
Magic:  14/14      EV:  6    Int: 23    God:    Cheibriados [****..]
Gold:   496        SH:  6    Dex: 21    Spells: 12/14 levels left

rFire    . . .     SeeInvis +     - Unarmed
rCold    . . .     Faith    .   h - +0 buckler
rNeg     . . .     Spirit   .   d - +2 scale mail
rPois    +         Reflect  .   e - +1 helmet
rElec    .         Harm     .   f - scarf {shadows}
rCorr    .         Rampage  .   i - +0 pair of gloves
MR       +....                  o - +0 barding
Stlth    +.........             (no amulet)
HPRegen  0.25/turn              y - +6 ring of strength
MPRegen  0.14/turn              (no ring)

@: mighty, about to teleport, very slow
A: large, see invisible, deformed body, poison resistance, slowness 2, spit
poison 1, AC +3
a: Spit Poison, Bend Time, Temporal Distortion, Slouch, Renounce Religion


You were on level 10 of the Dungeon.
You worshipped Cheibriados.
Cheibriados was greatly pleased with you.
You visited 2 branches of the dungeon, and saw 11 of its levels.

You collected 496 gold pieces.

Inventory:

Hand Weapons
 z - a +2 dagger of venom
Missiles
 v - 5 javelins
 w - 34 poisoned darts (quivered)
Armour
 d - a +2 scale mail (worn)
 e - a +1 helmet (worn)
 f - a scarf of shadows (worn)
 h - a +0 buckler (worn)
 i - a +0 pair of gloves (worn)
 o - a +0 barding (worn)
Jewellery
 b - a +4 ring of evasion
 n - an uncursed ring of fire
 y - a +6 ring of strength (left hand)
Wands
 p - a wand of disintegration (6)
 D - a wand of paralysis (3)
 J - a wand of iceblast (7)
Scrolls
 c - 2 scrolls of enchant armour {unknown}
 g - 2 scrolls of blinking
 k - 5 scrolls of remove curse
 m - a scroll of vulnerability {unknown}
 q - 2 scrolls of immolation
 u - a scroll of magic mapping {unknown}
 A - 2 scrolls of fog
 B - 2 scrolls of amnesia {unknown}
 G - a scroll of enchant weapon {unknown}
 I - 3 scrolls of identify
 K - a scroll of holy word {unknown}
Potions
 j - 3 potions of invisibility
 l - 2 potions of ambrosia
 r - 3 potions of stabbing
 s - 6 potions of flight
 t - 5 potions of brilliance
 x - 3 potions of mutation
 C - 2 potions of magic
 F - a potion of degeneration {unknown}
 H - 2 potions of curing


   Skills:
 - Level 4.0 Fighting
   Level 1.0 Axes
 - Level 1.0 Throwing
 - Level 1.0 Armour
 - Level 1.5 Stealth
 - Level 5.1 Shields
 + Level 12.1 Unarmed Combat
 - Level 2.0 Spellcasting
   Level 2.0 Necromancy
 + Level 7.7 Transmutations
   Level 1.0 Fire Magic
 - Level 3.0 Ice Magic


You had 12 spell levels left.
You knew the following spells:

 Your Spells              Type           Power        Failure   Level
a - Freeze                Ice            #...         8%          1
b - Beastly Appendage     Tmut           ###...       1%          1

Your spell library contained the following spells:

 Spells                   Type           Power        Failure   Level
 Wereblood                Tmut           ###.....     1%          2
 Spider Form              Tmut/Pois      ##........   16%         3
 Foxfire                  Conj/Fire      #...         21%         1
 Ozocubu's Armour         Ice            #.......     22%         3
 Ice Form                 Ice/Tmut       ##......     28%         4
 Blade Hands              Tmut           ###.......   30%         5
 Conjure Flame            Conj/Fire      #.......     52%         3
 Inner Flame              Hex/Fire       #.......     52%         3
 Sticky Flame             Conj/Fire      #.......     90%         4
 Fireball                 Conj/Fire      #.........   99%         5


Dungeon Overview and Level Annotations

Branches:
Dungeon (10/15)            Temple (1/1) D:6
   Lair: D:8-11         Orc: D:9-12

Altars:
Ashenzari
Cheibriados
Dithmenos
Elyvilon
Fedhas
Gozag
Hepliaklqana
Kikubaaqudgha
Makhleb
Nemelex Xobeh
Okawaru
Qazlal
Ru
Sif Muna
Trog
Uskayaw
Vehumet
Wu Jian
Xom
Yredelemnul
Zin
The Shining One

Shops:
D:8 [


Innate Abilities, Weirdness & Mutations

You cannot wear boots.
Your serpentine skin is tough. (AC +3)
You have supernaturally acute eyesight. (SInv)
Armour fits poorly on your strangely shaped body.
Your system is resistant to poisons. (rPois)
You cover ground very slowly.
You can spit poison.


Message History

The death yak is almost dead.
The death yak gores you. The death yak gores you!
* * * LOW HITPOINT WARNING * * *
You pummel the death yak!!
You kill the death yak!
Cheibriados appreciates the change of pace.
Your Unarmed Combat skill increases to level 12!
The death yak snorts and paws the ground.
As you read the scroll of teleportation, it crumbles to dust.
You feel strangely unstable. The death yak closely misses you.
The death yak gores you but does no damage.
You pummel the yak!!
You kill the yak!
Cheibriados appreciates the change of pace.
The death yak barely misses you. The death yak closely misses you.
The death yak snorts and paws the ground.
The death yak gores you!
* * * LOW HITPOINT WARNING * * *
The death yak barely misses you. The death yak gores you!
You die...

#)########## #).........#
#..#######.# #..# #.# .#
#..# #.# .# #..#
##.########.###
#..######.Y.†.........#
#.........YY.......Y..#
......@#####)##...##.
#####...........Y....
###.######..#####†###..#.#
#........)...## #.# #YY.
#.....####)...# #.# Y.
#..... ###..# #.#
#......#####..###.#
#.................#
###.#########.#####


You could see 2 death yaks and a yak.

Vanquished Creatures
  Erolcha (D:9)
  A two-headed ogre (D:9)
  A death yak (D:10)
  An unseen horror (D:10)
  A troll (D:9)
  2 yaks (D:10)
  Menkaure (D:7)
  4 orc warriors
  An ice beast (D:9)
  A phantom (D:7)
  3 sky beasts
  9 ogres
  A black bear (D:8)
  2 centaurs
  A gnoll sergeant (D:9)
  4 bullfrogs
  2 scorpions
  3 killer bees (D:7)
  6 wights (D:9)
  4 howler monkeys
  A bullfrog zombie (D:10)
  2 jellies
  A bullfrog skeleton (D:7)
  2 centaur skeletons
  Crazy Yiuf (D:2)
  6 orc priests
  2 gnoll shamans
  3 hounds
  2 orc wizards (D:9)
  4 iguanas
  8 worker ants
  A hound zombie (D:5)
  A worker ant zombie (D:5)
  Robin (D:2)
  14 gnolls
  2 howler monkey skeletons
  9 adders
  A shadow imp (D:8)
  2 white imps
  3 ufetubi (D:6)
  An ooze (D:3)
  6 leopard geckos
  33 orcs
  3 ball pythons
  10 giant cockroaches
  16 goblins
  7 hobgoblins
  15 jackals
  7 quokkas
  7 bats
  2 frilled lizards
  A jackal skeleton (D:4)
  3 kobolds
  5 rats
231 creatures vanquished.

Notes
Turn   | Place    | Note
-------+----------+-------------------------------------------
     0 | D:1      | Froggeryz the Naga Wanderer began the quest for the Orb.
     0 | D:1      | Froggeryz set off with the following items: a +0 club, a
                  | potion of lignification, a +2 scale mail; and the following
                  | spell memorised: Freeze; and the following spells available
                  | to memorise: Ozocubu's Armour
     0 | D:1      | Reached XP level 1. HP: 18/18 MP: 3/3
   287 | D:1      | Reached skill level 1 in Ice Magic
   355 | D:1      | Reached XP level 2. HP: 23/25 MP: 5/5
  1039 | D:2      | Reached skill level 1 in Unarmed Combat
  1297 | D:2      | Noticed Robin
  1319 | D:2      | Reached XP level 3. HP: 27/31 MP: 6/6
  1342 | D:2      | Killed Robin
  1524 | D:2      | Found a radiant altar of Vehumet.
  1648 | D:2      | Reached XP level 4. HP: 29/38 MP: 3/7
  2229 | D:2      | Found a runed translucent door.
  2230 | D:2      | Noticed Crazy Yiuf
  2247 | D:2      | Killed Crazy Yiuf
  2247 | D:2      | Reached skill level 2 in Unarmed Combat
  2580 | D:3      | Reached skill level 3 in Unarmed Combat
  2580 | D:3      | Reached XP level 5. HP: 38/44 MP: 8/8
  3491 | D:3      | Reached skill level 4 in Unarmed Combat
  3846 | D:4      | Reached XP level 6. HP: 41/51 MP: 7/9
  4101 | D:4      | Reached skill level 5 in Unarmed Combat
  4967 | D:4      | Reached XP level 7. HP: 18/61 MP: 10/10
  5540 | D:4      | Found an ornate altar of the Wu Jian Council.
  5649 | D:5      | Entered Level 5 of the Dungeon
  6044 | D:5      | Reached skill level 6 in Unarmed Combat
  6143 | D:5      | Learned a level 1 spell: Beastly Appendage
  7033 | D:6      | Reached XP level 8. HP: 64/72 MP: 11/11
  7092 | D:6      | Reached skill level 1 in Shields
  7291 | D:6      | Reached skill level 7 in Unarmed Combat
  7537 | D:6      | Found a staircase to the Ecumenical Temple.
  7548 | Temple   | Entered the Ecumenical Temple
  7740 | Temple   | Became a worshipper of Cheibriados the Contemplative
  8661 | D:6      | Reached * piety under Cheibriados
  8661 | D:6      | Reached skill level 8 in Unarmed Combat
  9188 | D:6      | Found an iron altar of Okawaru.
  9193 | D:6      | Found a hazy altar of Hepliaklqana.
  9422 | D:7      | Reached XP level 9. HP: 74/78 MP: 12/12
  9585 | D:7      | Noticed Menkaure
  9593 | D:7      | Killed Menkaure
 10028 | D:7      | Reached ** piety under Cheibriados
 10127 | D:7      | Reached skill level 9 in Unarmed Combat
 10422 | D:7      | Reached skill level 5 in Shields
 11004 | D:8      | Found a shadowy altar of Dithmenos.
 11264 | D:8      | Found Hotem's Antique Armour Shop.
 11345 | D:8      | Reached skill level 1 in Transmutations
 11710 | D:9      | Reached *** piety under Cheibriados
 11712 | D:9      | Noticed a two-headed ogre
 11734 | D:9      | HP: 3/78 [two-headed ogre/+0 giant spiked club (16)]
 11736 | D:9      | Killed a two-headed ogre
 11736 | D:9      | Reached skill level 10 in Unarmed Combat
 11736 | D:9      | Reached XP level 10. HP: 4/85 MP: 13/13
 12741 | D:9      | Found a radiant altar of Vehumet.
 12914 | D:9      | Reached **** piety under Cheibriados
 12956 | D:9      | Reached skill level 11 in Unarmed Combat
 12956 | D:9      | Reached skill level 5 in Transmutations
 13524 | D:9      | Noticed Erolcha
 13533 | D:9      | Killed Erolcha
 14033 | D:9      | Found a shimmering altar of Xom.
 14033 | D:9      | Found a stormy altar of Qazlal.
 14036 | D:9      | Found a basalt altar of Yredelemnul.
 14036 | D:9      | Found a burning altar of Makhleb.
 14036 | D:9      | Found a bloodstained altar of Trog.
 14089 | D:10     | Entered Level 10 of the Dungeon
 14285 | D:10     | Noticed an unseen horror
 14315 | D:10     | Killed an unseen horror
 14629 | D:10     | Reached XP level 11. HP: 92/92 MP: 14/14
 14631 | D:10     | Noticed a death yak
 14636 | D:10     | Noticed a death yak
 14642 | D:10     | Noticed a death yak
 14651 | D:10     | Killed a death yak
 14651 | D:10     | Reached skill level 12 in Unarmed Combat
 14654 | D:10     | Slain by a death yak

Illustrated notes

Levels and vault maps discovered:
D:1:      dpeg_arrival_rhombi, layout_loops_ring, minmay_pentomino_v4
D:2:      layout_basic, vehumet_crystals, grunt_decor_arrowhead, uniq_robin,
          uniq_crazy_yiuf_cottage
D:3:      layout_loops_ring, st_stairs_11, grunt_ministairs_11,
          minmay_close_crescents
D:4:      layout_cave_pods, marbit_many_paths, kennysheep_potato
D:5:      layout_cave_pools, serial_column_ruins, column_ruins_grid_2,
          column_ruins_open_small, column_ruins_columns_straight,
          column_ruins_columns_straight, column_ruins_grid_1,
          column_ruins_open_large
D:6:      layout_layer_cave, minitemple, minmay_temple_entry_drinking_statues
D:7:      layout_loops_corners, uniq_menkaure
D:8:      layout_basic, overflow_temple_1_default, serial_shops, kennysheep_mini
D:9:      layout_stronghold, doesnt_xom_only_xom, uniq_erolcha
D:10:     layout_loops_ring, dpeg_lair_monsters
Temple:   nicolae_temple_elliptical

Skill      XL: |  1  2  3  4  5  6  7  8  9 10 11 |
---------------+----------------------------------+-----
Ice Magic      | 1 2 3 |  3.0
Unarmed Combat | 1 3 4 5 6 8 10 11 12 | 12.1
Fighting       | 2 4 |  4.0
Shields        | 3 5 |  5.1
Transmutations | 3 7 |  7.7
Axes           | |  1.0
Throwing       | |  1.0
Armour         | |  1.0
Stealth        | |  1.5
Spellcasting   | |  2.0
Necromancy     | |  2.0
Fire Magic     | |  1.0

Action                   |  1- 3 |  4- 6 |  7- 9 | 10-12 || total
-------------------------+-------+-------+-------+-------++-------
Melee: Club              |    75 |       |       |       ||    75
       Unarmed           |    53 |   157 |   152 |   194 ||   556
       Punch             |       |     3 |     8 |       ||    11
       Dagger            |       |    25 |   247 |       ||   272
Throw: Dart              |       |     7 |    18 |     6 ||    31
 Cast: Freeze            |     4 |    13 |       |       ||    17
 Abil: Spit Poison       |    12 |    23 |    26 |     9 ||    70
Evoke: Wand              |       |       |     7 |     2 ||     9
  Use: Potion            |       |     4 |     1 |     2 ||     7
       Scroll            |       |       |    18 |     1 ||    19
 Stab: Sleeping          |       |     5 |       |       ||     5
       Distracted        |       |     1 |       |       ||     1
Armor: Scale mail        |   103 |       |   308 |    90 ||   501
       Robe              |       |    59 |     8 |       ||    67
       Skin              |       |     1 |    21 |       ||    22
Dodge: Dodged            |    64 |   127 |   111 |    50 ||   352
Block: Buckler           |       |       |    20 |    57 ||    77

Table legend: (Time is in decaauts)
 A = Elapsed time spent in this place.
 B = Non-inter-level travel time spent in this place.
 C = Inter-level travel time spent in this place.
 D = Time resting spent in this place.
 E = Time spent auto-exploring this place.
 F = Levels seen in this place.
 G = Mean time per level.
                   A        B        C        D        E       F      G
               +--------+--------+--------+--------+--------+-----+--------+
         Total |  19661 |  18698 |    963 |   4810 |  11784 |  11 | 1787.4 |
       Dungeon |  19373 |  18475 |    898 |   4810 |  11564 |  10 | 1937.3 |
        Temple |    287 |    223 |     64 |      0 |    219 |   1 |  287.0 |
               +--------+--------+--------+--------+--------+-----+--------+

Top non-repeatable levels by time:
     D:9: 3692 daAuts
     D:6: 3200 daAuts
     D:7: 2382 daAuts
     D:3: 2147 daAuts
     D:4: 1975 daAuts
     D:2: 1593 daAuts
     D:8: 1543 daAuts
     D:1: 1316 daAuts
     D:5: 881 daAuts
    D:10: 642 daAuts
  Temple: 287 daAuts
